[Event "Asian Amateur-ch Open 2022"]
[Site "Muscat"]
[Date "2022.10.02"]
[Round "3.6"]
[White "Al Mamari Mohammed Salim"]
[Black "Fooladi, Behrooz"]
[Result "0-1"]
[ECO "B21"]
[WhiteElo "1685"]
[BlackElo "1928"]
[Annotator "TA"]
[PlyCount "82"]
[EventDate "2022.09.29"]
[EventType "swiss"]
[SourceTitle "playchess.com"]
[Source "ChessBase"]
[SourceQuality "1"]
[TimeControl "5400+30"]

1. e4 c5 2. d4 cxd4 3. Qxd4 Nc6 4. Qe3 d6 5. Nc3 Nf6 6. f3 {[%emt 0:01:23] B21: Sicilian: 2 f4 and Morra Gambit.} (6. Nf3 $142) 6... g6 7. Bc4 Bg7 8. Bd2 {[%emt 0:02:44] The position is equal.} O-O {[%emt 0:00:12] [#]} 9. a3 $146 {[%emt 0:02:09] [#]} (9. O-O-O $11 {remains equal.}) ({Predecessor:} 9. O-O-O Bd7 10. Nge2 a6 11. Rhg1 b5 12. Bd5 Nxd5 13. Nxd5 Rb8 14. Nb4 Nxb4 15. Bxb4 {1-0 (45) Hohenhaus,T-Tesch,D Berlin 2008}) 9... Bd7 (9... e6 $1 $17 {aiming for ...d5.} 10. Qf2 d5) 10. Nge2 $11 Rc8 11. Ba2 a6 12. h4 Ne5 13. O-O-O Nc4 14. Bxc4 Rxc4 15. g4 (15. Qd3 $5 Be6 16. Nf4 $11) 15... b5 16. h5 a5 (16... b4 $11 {keeps the balance.} 17. axb4 Rxb4) 17. hxg6 (17. h6 $16 Bh8 18. g5) 17... fxg6 {[%emt 0:00:14] Hoping for ...b4.} 18. Nd5 {[%emt 0:07:35] Inhibits b4.} ({White should try} 18. Qd3 $11) 18... Nxd5 $17 19. exd5 b4 {[%emt 0:00:23] Inhibits Bc3. White must now prevent ...Qc7.} 20. axb4 $2 {[%emt 0:01:02][%mdl 8192] This move loses the game for White.} (20. b3 $17 {was the crucial defense.} Rc7 21. axb4) 20... axb4 $19 {[%emt 0:00:05] Strongly threatening ...Qa5.} 21. Qb3 Qc7 22. Bh6 {[%emt 0:01:39] [#]} Rxf3 $3 23. Rd3 Bxh6+ 24. Rxh6 Rf1+ 25. Kd2 Bxg4 26. Rh2 {[%emt 0:08:36] Prevents Rf2.} Bf5 (26... Qc5 $142 27. c3 h5) 27. Nd4 (27. Ng3 $142 Rf3 28. Nxf5 Rxf5 29. Kc1) 27... Bxd3 28. Qxd3 {[%emt 0:03:13] [#]} Rxd4 $1 29. Qxd4 Qc5 (29... b3 $142 30. c3 Qa5) 30. Qxc5 dxc5 {[%emt 0:01:33][%mdl 4096] Endgame KR-KR} 31. Kd3 Rf4 {[%emt 0:00:17] Black is clearly winning.} 32. c3 h5 33. Re2 (33. Ke3 $142 Rc4 34. Rg2) 33... Kf7 34. Re6 h4 35. Re2 h3 36. Ke3 Rh4 37. Rh2 Kf6 38. Kf3 Ke5 39. Kg3 g5 {[%emt 0:00:06] Threatens to win with ...bxc3.} 40. c4 Kd4 41. b3 Ke5 {[%emt 0:46:31] Weighted Error Value: White=1.27/Black=0.88} 0-1

[Event "Asian Amateur-ch Open 2022"]
[Site "Muscat"]
[Date "2022.10.02"]
[Round "3.7"]
[White "Zahmati, Sobhan"]
[Black "Al Amri, Mohammed A"]
[Result "1-0"]
[ECO "D78"]
[WhiteElo "1926"]
[BlackElo "1693"]
[Annotator "TA"]
[PlyCount "83"]
[EventDate "2022.09.29"]
[EventType "swiss"]
[SourceTitle "playchess.com"]
[Source "ChessBase"]
[SourceQuality "1"]
[TimeControl "5400+30"]

1. Nf3 Nf6 2. d4 d5 3. g3 g6 4. Bg2 Bg7 5. O-O O-O 6. c4 c6 {[%emt 0:00:01] 6...c6 scores better than 6...dxc4.} 7. a4 {[%emt 0:00:16][%cal Ba2a4,Ba4a5][%mdl 32] D78: Fianchetto Grünfeld: 6 0-0 c6.} Nbd7 8. cxd5 cxd5 9. Qb3 {[%emt 0:00:18] [#] White has an edge.} Qb6 $146 ({Predecessor:} 9... b6 10. Nc3 Bb7 11. a5 e6 12. Bf4 Ne4 13. Rfc1 Re8 14. a6 Bc8 15. Nb5 Rf8 16. Rc7 f5 17. Nxa7 Rb8 18. Nc6 {1-0 (18) Kakranen,A (1798)-Wahlback,S (1226) Helsinki 2013}) 10. Qa3 Re8 11. Nc3 e6 12. a5 Qd8 13. Bf4 $36 {[%emt 0:03:37][%mdl 2048] Black is under pressure.} a6 {[%emt 0:04:15] Prevents Nb5.} 14. Rfc1 Nb8 {[%emt 0:00:36] [#]} (14... b5 $142) 15. Bc7 $2 {[%emt 0:14:55][%mdl 8192] White is more active.} Qxc7 $19 16. Nxd5 {[%emt 1:05:58] [#]} Qd8 (16... Nxd5 17. Rxc7 Nxc7 18. Ne5 $17) (16... Qxc1+ $3 $17 17. Rxc1 exd5) 17. Nb6 $18 Nc6 {[%emt 0:10:54] Hoping for ...Rb8.} 18. Nxa8 Nd5 19. e4 Bf8 20. Qa4 Ndb4 21. Nb6 Bd7 22. Nxd7 Qxd7 23. Rc4 Rd8 24. Ra3 Qe7 25. Ra1 $2 (25. Rb3 $18) 25... Qf6 $2 (25... Qd7 $1 $11 {and Black stays safe.} 26. Qb3 Qc7) 26. Rd1 Qe7 27. h4 h5 (27... h6 $142 28. Qa3 Qc7) 28. d5 exd5 29. exd5 Rxd5 30. Rxd5 Nxd5 31. Qd1 Ndb4 32. Ng5 Qc7 33. Qb3 {[%emt 0:02:11] Black must now prevent Rf4.} Qe7 $2 (33... Bd6 34. Rc3 Qe7) 34. Re4 Qc7 35. Rf4 {[%emt 0:02:35] Bxc6 would kill now.} Ne5 36. Rxb4 Qc1+ 37. Bf1 ({Weaker is} 37. Kh2 Bxb4 38. f4 (38. Qxb4 $2 Ng4+ 39. Qxg4 hxg4 $19) (38. Bxb7 Qf1 $11) 38... Ng4+ 39. Kh3 Nf2+ 40. Kh2 Ng4+ 41. Kh3 Nf2+ 42. Kh2 Ng4+ $11) 37... Bxb4 38. Qxb4 Kg7 39. Qxb7 Kf6 40. Qxa6+ {[%emt 0:01:02] White mates.} Kg7 41. Qb7 Kf6 42. a6 {[%emt 0:00:18] Weighted Error Value: White=0.47/Black=0.84} 1-0

[Event "Asian Amateur-ch Open 2022"]
[Site "Muscat"]
[Date "2022.10.02"]
[Round "3.8"]
[White "Al Hosni, Khalfan"]
[Black "Mahmoody, M. Sadegh"]
[Result "0-1"]
[ECO "B07"]
[WhiteElo "1680"]
[BlackElo "1914"]
[Annotator "TA"]
[PlyCount "60"]
[EventDate "2022.09.29"]
[EventType "swiss"]
[SourceTitle "playchess.com"]
[Source "ChessBase"]
[SourceQuality "1"]
[TimeControl "5400+30"]

1. e4 d6 2. d4 Nf6 3. Nc3 g6 4. Bg5 Bg7 5. Qd2 h6 6. Bf4 Nc6 7. f3 {[%emt 0:03:45] B07: Pirc Defence: Miscellaneous Systems.} a6 {[%emt 0:05:37][%cal Oc6d4] [#]} (7... Nxd4 {is interesting.} 8. Qxd4 e5 9. Bxe5 dxe5 10. Qxe5+ Be6) 8. h4 $146 (8. Be3 $14) ({Predecessor:} 8. O-O-O Nd7 9. Be3 b5 10. f4 Na5 11. Nf3 Bb7 12. e5 Nb6 13. Bd3 e6 14. Qe2 {1-0 (40) Brkic,A (2584)-Medak,B (2386) Mali Losinj 2016}) 8... Nh5 $11 9. d5 (9. Be3 $1 $11) 9... Nxf4 $15 10. dxc6 e5 (10... Be5 $15) 11. g3 Ne6 12. Qd5 (12. cxb7 $1 $11 Bxb7 13. O-O-O) 12... bxc6 $17 13. Qxc6+ Bd7 14. Qc4 Nd4 15. Bd3 (15. Qd3 $142) 15... Qb8 16. Rb1 Bb5 17. Nxb5 axb5 18. Qc3 Rxa2 (18... O-O $142 {Hoping for ...Qb7.} 19. Qd2 Rxa2) 19. Ne2 O-O {[%emt 0:07:30] Black has more active pieces. The white rooks are badly placed.} (19... c5 $17 {...c4 is the strong threat.} 20. Nxd4 exd4) 20. Nxd4 $11 exd4 21. Qc6 Qa7 $36 {[%emt 0:06:09][%mdl 2048] Black fights for an advantage.} 22. h5 {[%emt 0:03:40] [#]} Rxb2 $1 23. Ke2 (23. Kf2 Rxb1) 23... Rxb1 24. Rxb1 g5 (24... gxh5 $17 25. Qxb5 c5) 25. Rxb5 Qa1 {[%emt 0:01:18] White must now prevent ...Qg1.} 26. Rf5 $2 {[%emt 0:03:42][%mdl 8192] Loses the game.} (26. e5 $1 $15) 26... Qg1 27. Bc4 d3+ 28. cxd3 Qh2+ 29. Ke3 Qxg3 30. Rxf7 (30. Ke2 $19 Qg2+ 31. Ke3) 30... Qe1# {[%emt 0:39:42] Weighted Error Value: White=0.70/Black=0.21 (precise)} 0-1

[Event "Asian Amateur-ch Open 2022"]
[Site "Muscat"]
[Date "2022.10.02"]
[Round "3.9"]
[White "Shahali, Milad"]
[Black "Musallam Salim Al Aamri"]
[Result "1/2-1/2"]
[ECO "B07"]
[WhiteElo "1910"]
[BlackElo "1680"]
[Annotator "TA"]
[PlyCount "155"]
[EventDate "2022.09.29"]
[EventType "swiss"]
[SourceTitle "playchess.com"]
[Source "ChessBase"]
[SourceQuality "1"]
[TimeControl "5400+30"]

1. e4 d6 2. d4 Nf6 3. Nc3 c6 4. f3 g6 5. Be3 Bg7 6. Qd2 Nbd7 7. O-O-O Qc7 {[%emt 0:09:26] B07: Pirc Defence: Miscellaneous Systems.} 8. Bh6 Bxh6 9. Qxh6 c5 {[%emt 0:03:16] White has an edge.} 10. Nge2 a6 {[%emt 0:03:47] [#]} 11. g4 $146 ({Predecessor:} 11. f4 Ng4 12. Qg7 Rf8 13. Rg1 Ne3 14. Rd3 Nxf1 15. Rxf1 Nf6 16. e5 Bg4 17. exf6 Bf5 18. Nd5 Qd7 19. fxe7 Bxd3 20. Qxf8# {1-0 (20) Stankovic,S (2047)-Attar,R St Chely d'Aubrac 2003}) 11... b5 (11... cxd4 $14 12. Nxd4 (12. Rxd4 Ne5 $11) 12... Nb6) 12. g5 $1 $16 Nh5 13. Nd5 Qa5 14. Kb1 {[%emt 0:00:28] White has more active pieces. The black rooks are badly placed.} Bb7 15. Bh3 Bxd5 16. exd5 c4 17. Bg4 $1 b4 18. Bxh5 gxh5 19. Qg7 (19. Qxh5 $6 Qxd5 20. Nf4 Qf5 $11) 19... Rf8 20. Qxh7 O-O-O 21. Qe4 (21. Nf4 $16) 21... Kc7 (21... Nb6 $1 $14) 22. Nf4 (22. Qxe7 $2 Rde8 23. Qe4 Rxe4 24. fxe4 Re8 $19) 22... c3 23. bxc3 $2 (23. Qxe7 $2 Rde8 24. Ne6+ fxe6 $19) ({White should play} 23. g6 $18) 23... bxc3 $11 24. Ka1 Qa3 25. Rb1 {[%emt 0:01:01] Against Qb2+} Rb8 26. Nd3 {[%emt 0:05:59] Against Rb2. The board is on fire.} (26. Qxe7 Rb2 27. Ne6+ fxe6) 26... Rfe8 $2 (26... Rb5 $1 $14) 27. Rb3 $2 (27. Rhc1 $1 $18) 27... Rxb3 $14 28. cxb3 Rb8 $1 29. Rb1 (29. Qxe7 Rxb3 30. Rb1 (30. Qxf7 Rb2) 30... Rb5 31. Rxb5 (31. Qxf7 c2) 31... axb5 $15) 29... Rb5 {[%emt 0:00:40][%cal Oa3a2] ( -> ...Qxa2+!)} (29... c2 30. Rb2 Kd8 31. Qh7 (31. Rxc2 Rxb3 32. Nc1 Rxf3 $11) 31... Rxb3 32. Rxb3 $16) 30. Qe2 {[%emt 0:00:15] And now Qc2 would win.} (30. Qxe7 $2 Qxa2+ $3 31. Kxa2 Ra5#) (30. b4 $5 c2 31. Rc1 Qc3+ 32. Nb2 $16) 30... Kd8 $1 31. Qc2 Nb6 32. Qxc3 Nxd5 33. Qb2 Qa5 34. b4 (34. f4 $11) 34... Qc7 (34... Qa4 $1 $15) 35. a4 Rb8 {[%emt 0:00:36][%mdl 1024] Black has compensation.} 36. Qb3 {[%emt 0:00:02] Inhibits Qc4.} e6 37. f4 (37. Rc1 $11 {and White has nothing to worry.} Qb6 38. Rc4) 37... Qb6 $1 $19 38. Qb2 Qc6 (38... Rc8 $17 {...Nc3 is the strong threat.} 39. Rc1 Rxc1+ 40. Nxc1 Nxf4) 39. Qb3 $15 Qb6 (39... a5 $1 $15 40. b5 Qb6) 40. Qb2 $1 $17 Rc8 $1 41. Rc1 {[%emt 0:00:58] Inhibits Nc3.} Rxc1+ 42. Nxc1 Qxb4 (42... Nxb4 43. Na2 Nd5 44. Qxb6+ Nxb6 45. Nc3 $15) (42... Nxf4 $17 {Strongly threatening ...Nd5.} 43. Ka2 Qc6) 43. Qxb4 $11 Nxb4 $17 {[%emt 0:00:02][%mdl 4096] Endgame KN-KN} 44. Kb2 {[%emt 0:00:20] Against Nc2} Nd5 45. Ne2 Kc7 (45... Ke7 $5 ) 46. Kb3 Kc6 47. Kc4 Ne3+ 48. Kd3 Nd5 49. Ke4 Ne7 {[%emt 0:00:27] Prevents f5.} (49... f5+ $1 $11 50. Kf3 Ne7) 50. Ng3 $14 h4 51. Ne2 Kb6 52. d5 Kc5 $2 (52... Nxd5 $11 53. f5 Ne7 54. fxe6 fxe6) 53. dxe6 $18 fxe6 54. Nd4 d5+ 55. Ke3 Kd6 56. Kf3 $1 {[%emt 0:00:18] Threatens to win with Kg4.} e5 {[%emt 0:00:44] [#]} 57. Ne2 (57. Nb3 $1 $18) 57... Ke6 $1 $11 58. Kg4 Nf5 (58... d4 $11 {remains equal.}) 59. fxe5 $16 Kxe5 60. Nf4 (60. Nc1 $1 $14 Ng7 61. Nd3+ (61. Kxh4 Kf5 $14) 61... Kd4 62. Ne1) 60... d4 ({Better is} 60... Ne3+ $1 $11 61. Kf3 d4) 61. Nd3+ $14 Ke4 $1 62. Nc5+ Ke5 63. Nxa6 (63. a5 $16) 63... Ne3+ $2 (63... d3 $11 {and Black is okay.} 64. Kf3 Kd4) 64. Kf3 $18 ({Stronger than} 64. Kxh4 d3 65. Nb4 (65. g6 {leads to mate.} Nf5+ 66. Kg5 d2 67. Nb8 d1=Q 68. Nc6+ Ke6) 65... d2 66. Nd3+ Ke4 $15) 64... Kf5 $2 (64... Nf1 65. h3 d3) 65. Nc5 Nc4 66. g6 Ne5+ {[%emt 0:00:09] [#]} 67. Ke2 $2 (67. Kg2 $1 $18 {Black must now prevent g7.} Nxg6 68. a5) 67... Kxg6 68. a5 Kf5 69. a6 {[%emt 0:00:08] White wants to mate with a7.} Nc6 70. Kd3 (70. Kf3 $16) 70... Nb4+ $11 {[%emt 0:02:22] The position is equal.} 71. Kxd4 Nxa6 72. Nxa6 {[%emt 0:00:06] KN-KP} Kg4 73. Ke3 {[%emt 0:00:07] Intending Kf2 and mate.} Kh3 74. Kf2 {[%emt 0:00:05] White threatens Kg1 and mate.} Kxh2 75. Nc5 Kh3 76. Kf3 Kh2 77. Ne4 Kg1 78. Nc5 {[%emt 0:03:18] A wild game.  Weighted Error Value: White=0.24 (precise) /Black=0.29 (precise)} 1/2-1/2

[Event "Asian Amateur-ch Open 2022"]
[Site "Muscat"]
[Date "2022.10.02"]
[Round "3.10"]
[White "Al Zadjali, Abdul Rahman"]
[Black "Dadabaev, Zhanybek"]
[Result "0-1"]
[ECO "D41"]
[WhiteElo "1534"]
[BlackElo "1902"]
[Annotator "TA"]
[PlyCount "122"]
[EventDate "2022.09.29"]
[EventType "swiss"]
[SourceTitle "playchess.com"]
[Source "ChessBase"]
[SourceQuality "1"]
[TimeControl "5400+30"]

1. d4 d5 2. c4 e6 3. Nc3 Nf6 4. Nf3 c5 5. cxd5 cxd4 6. Qa4+ Bd7 7. Qxd4 exd5 8. Nxd5 {[%emt 0:02:03] Qe5+ is the strong threat. D41: Queen's Gambit Declined: Semi-Tarrasch with 5 cxd5.} Qa5+ 9. Nc3 Nc6 {[%emt 0:00:21] Against Qe5+} 10. Qe3+ {[%emt 0:03:34] White has an edge.} Be7 11. Bd2 O-O {[%emt 0:23:01] [#]} 12. Ne4 $146 (12. Qf4 $11 {keeps the balance.}) ({Predecessor:} 12. Qg5 Qb6 13. Qb5 Qc7 14. Qc4 Qb6 15. Na4 Qd8 16. e3 Rc8 17. Nc3 Nb4 18. Qb3 {1-0 (36) Nazaretyan,T (2316)-Manukian,A (2196) Chess.com INT 2022}) 12... Qf5 (12... Nd5 $17 13. Qb3 Ndb4) 13. Nxf6+ (13. Ng3 $11 Qd5 14. Qb3) 13... Bxf6 $17 14. Bc3 Rfe8 15. Qd2 Rac8 {[%emt 0:10:40] Black is much more active. The white rooks are badly placed.} (15... Bxc3 $15 16. bxc3 Ne5 17. Nxe5 Rxe5) 16. Bxf6 $2 (16. e3 $11) 16... Qxf6 $19 17. e3 {[%emt 0:20:03] [#]} Bg4 (17... Red8 $1 $19 {Hoping for ...Bg4.} 18. Qc3 Qe7) 18. Be2 $17 {[%emt 0:03:32] [#]} Red8 $1 19. Qc3 {[%emt 0:02:15] [#]} Nd4 $1 20. Qxd4 Rxd4 21. Nxd4 Bxe2 22. Kxe2 h5 23. Rhc1 (23. Rhd1 $15) 23... Rxc1 24. Rxc1 $19 {[%emt 0:00:01][%mdl 4096] Endgame KQ-KRN} Qa6+ 25. Kf3 Qxa2 26. b3 Qd2 27. Rc8+ Kh7 28. g3 Qa5 {[%emt 0:01:44] Against Rc7} 29. Rc4 a6 30. Ke4 Qe1 31. f3 h4 32. g4 $2 (32. Rc7 $17) 32... b5 33. Rc7 Qb1+ 34. Kf4 Qg1 35. Rc2 b4 36. Ke4 a5 37. Kd3 Qf1+ 38. Re2 Qb1+ 39. Kc4 Qa1 {[%emt 0:00:47] aiming for ...a4.} 40. Kb5 g6 41. Rc2 Qa3 {[%emt 0:00:34][%cal Oa5a4] And now ...a4! would win.} 42. Rc7 Kg8 43. Rc8+ Kg7 44. Rc7 Qa2 45. Rc2 Qa3 (45... Qa1 46. g5 Qg1) 46. Rc7 $1 Qa1 47. Rc2 Kh6 48. Re2 (48. Kc4 $142 a4 49. bxa4 Qxa4 50. Re2) 48... Qa3 49. Rc2 a4 50. Kc4 axb3 51. Nxb3 Qa4 52. f4 (52. e4 $142) 52... Qc6+ {[%emt 0:00:18] Black is clearly winning.} 53. Nc5 Qf3 $1 54. g5+ Kh5 55. Kxb4 Qxe3 56. Rc4 Qd2+ 57. Kb5 Qxh2 58. Nd7 Qb2+ 59. Kc6 Kg4 (59... h3 $142 60. Nf6+ Kh4 61. f5+ Kxg5 62. Ne4+ Kh6) 60. Ne5+ Kg3 61. Nxf7 h3 {[%emt 0:00:09] Weighted Error Value: White=0.81/Black=0.52} 0-1

[Event "Asian Amateur-ch Open 2022"]
[Site "Muscat"]
[Date "2022.10.02"]
[Round "3.11"]
[White "Gabdushev, Arman"]
[Black "Madhusoodanan, K.R."]
[Result "0-1"]
[ECO "A25"]
[WhiteElo "1827"]
[BlackElo "1663"]
[Annotator "NA RC COMBH"]
[PlyCount "90"]
[EventDate "2022.09.29"]
[EventType "swiss"]
[SourceTitle "playchess.com"]
[Source "ChessBase"]
[SourceQuality "1"]
[TimeControl "5400+30"]

1. c4 e5 2. Nc3 Bc5 3. g3 Nf6 4. Bg2 O-O 5. e3 Re8 6. Nge2 Nc6 7. O-O e4 8. Na4 Bf8 9. d3 exd3 10. Qxd3 Ne5 11. Qc2 d6 12. h3 Bd7 13. f4 Nc6 14. Nac3 g6 15. e4 a5 16. a3 a4 17. Be3 Na5 18. Nd5 Nb3 19. Rad1 Bg7 20. Nec3 Ra6 21. Nxf6+ Bxf6 22. e5 dxe5 23. Bxb7 Rd6 24. Rxd6 cxd6 25. fxe5 Bxe5 26. Qf2 f5 27. Bd5+ Kg7 28. Kg2 Qf6 29. Bf4 Nc5 30. Qd2 Bxf4 31. Rxf4 Qe5 32. h4 Qe3 33. Qxe3 Rxe3 34. Kf2 Rd3 35. Ke2 Rxg3 36. Nb5 Rb3 37. Nxd6 Rxb2+ 38. Kd1 Kf6 39. Rf3 h6 40. Ne4+ Nxe4 41. Bxe4 Ke5 42. Bc2 g5 43. hxg5 hxg5 44. Rd3 Bc6 45. c5 Rxc2 0-1

[Event "Asian Amateur-ch Open 2022"]
[Site "Muscat"]
[Date "2022.10.02"]
[Round "3.12"]
[White "Humaidan Mohamed, Alzaabi"]
[Black "Shreyas Seshadri Nallore"]
[Result "0-1"]
[ECO "C67"]
[WhiteElo "1393"]
[BlackElo "1791"]
[Annotator "NA RC COMBH"]
[PlyCount "72"]
[EventDate "2022.09.29"]
[EventType "swiss"]
[SourceTitle "playchess.com"]
[Source "ChessBase"]
[SourceQuality "1"]
[TimeControl "5400+30"]

1. e4 e5 2. Nf3 Nc6 3. Bb5 Nf6 4. O-O Nxe4 5. Re1 Nd6 6. Nxe5 Be7 7. Nxc6 dxc6 8. Be2 O-O 9. d3 Bf6 10. Nc3 Be6 11. Bf3 Re8 12. Ne4 Bd5 13. Nxf6+ Qxf6 14. Bxd5 cxd5 15. c3 d4 16. c4 Rxe1+ 17. Qxe1 Re8 18. Qf1 Qe5 19. Bd2 Qf5 20. Re1 Rxe1 21. Bxe1 h6 22. Bb4 Qg6 23. Bxd6 Qxd6 24. Qe1 Kf8 25. a3 Qg6 26. Qe2 Qg5 27. Qe1 Qf5 28. Qe2 b5 29. cxb5 Qxb5 30. Qc2 Qe5 31. Qd2 c5 32. Qc1 c4 33. f4 Qe2 34. dxc4 d3 35. Qf1 Qe3+ 36. Qf2 Qc1+ 0-1

[Event "Asian Amateur-ch Open 2022"]
[Site "Muscat"]
[Date "2022.10.02"]
[Round "3.13"]
[White "Ferzli, Dany Michael"]
[Black "Al Amri, Mahad"]
[Result "0-1"]
[ECO "E06"]
[WhiteElo "1789"]
[BlackElo "1589"]
[Annotator "NA RC COMBH"]
[PlyCount "118"]
[EventDate "2022.09.29"]
[EventType "swiss"]
[SourceTitle "playchess.com"]
[Source "ChessBase"]
[SourceQuality "1"]
[TimeControl "5400+30"]

1. d4 d5 2. Nf3 Nf6 3. c4 e6 4. g3 c5 5. Bg2 Be7 6. O-O O-O 7. Qc2 cxd4 8. Nxd4 Qc7 9. cxd5 Qxc2 10. Nxc2 Nxd5 11. Rd1 Rd8 12. Ne3 Nxe3 13. Rxd8+ Bxd8 14. Bxe3 Nc6 15. Nc3 e5 16. Rd1 Be6 17. a3 a6 18. Bc5 Rc8 19. Ne4 Bc7 20. Ng5 Bc4 21. Bh3 Rd8 22. Rxd8+ Bxd8 23. Ne4 Bxe2 24. Bc8 b6 25. Be3 Nd4 26. Nc3 Bc4 27. Bb7 Ne2+ 28. Nxe2 Bxe2 29. b3 a5 30. a4 Kf8 31. f3 Ke7 32. Kf2 Bd3 33. Ke1 Bf5 34. Kd2 Kd6 35. Kc3 Be6 36. f4 f6 37. Be4 g6 38. h4 Bd5 39. fxe5+ Kxe5 40. Bc2 Be4 41. Bf4+ Kd5 42. Bxe4+ Kxe4 43. Kc4 g5 44. hxg5 fxg5 45. Bb8 h5 46. b4 axb4 47. Kxb4 h4 48. gxh4 gxh4 49. Kb5 Kd5 50. Bh2 h3 51. Bb8 Be7 52. Bh2 Bd6 53. Bg1 Bc5 54. Bh2 Bf2 55. Bf4 Ke4 56. Bc7 Kf3 57. Bxb6 h2 58. a5 h1=Q 59. a6 Qb1+ 0-1

[Event "Asian Amateur-ch Open 2022"]
[Site "Muscat"]
[Date "2022.10.02"]
[Round "3.15"]
[White "Sharma Pankaj"]
[Black "Khalili, Mehdi"]
[Result "1/2-1/2"]
[ECO "A36"]
[WhiteElo "1764"]
[BlackElo "1575"]
[Annotator "NA RC COMBH"]
[PlyCount "125"]
[EventDate "2022.09.29"]
[EventType "swiss"]
[SourceTitle "playchess.com"]
[Source "ChessBase"]
[SourceQuality "1"]
[TimeControl "5400+30"]

1. c4 Nf6 2. Nc3 g6 3. g3 Bg7 4. Bg2 O-O 5. e4 d6 6. Nge2 c5 7. O-O Nc6 8. d3 Rb8 9. h3 a6 10. a4 Bd7 11. Be3 Qc8 12. Kh2 Ne5 13. Nd5 Nxd5 14. cxd5 Be8 15. f4 Nd7 16. Qd2 b5 17. axb5 Rxb5 18. Nc3 Rb3 19. Ra2 Qb8 20. Rf2 Qb6 21. Qc2 Nb8 22. Bf1 Bd7 23. Be2 Rc8 24. f5 Rc7 25. fxg6 hxg6 26. Bd1 Rb4 27. Qe2 Rb7 28. Qf3 Be8 29. Ba4 Qd8 30. Bxe8 Qxe8 31. Qe2 Rb3 32. Qc2 Qd8 33. Qc1 a5 34. Rc2 Na6 35. Rd2 Nb4 36. Ra3 Na6 37. d4 cxd4 38. Rxb3 Rxb3 39. Bxd4 Bh6 40. Qc2 Qb8 41. Rf2 Rb4 42. Ne2 Bg7 43. Bxg7 Kxg7 44. Qc3+ Kg8 45. Qf3 Qe8 46. Nc3 Nc5 47. h4 Nd7 48. Rc2 Ne5 49. Qe2 Qb8 50. h5 Kg7 51. hxg6 Nxg6 52. Nd1 Qh8+ 53. Kg2 Qb8 54. Ne3 e6 55. dxe6 fxe6 56. Qg4 Rxb2 57. Qxe6 Rxc2+ 58. Nxc2 Qb2 59. Qd7+ Kh6 60. Qh3+ Kg7 61. Qd7+ Kh6 62. Qh3+ Kg7 63. Qd7+ 1/2-1/2

[Event "Asian Amateur-ch Open 2022"]
[Site "Muscat"]
[Date "2022.10.02"]
[Round "3.16"]
[White "Ibnu, Iwan Schani"]
[Black "Maasarani, Mahmoud"]
[Result "0-1"]
[ECO "B25"]
[WhiteElo "1689"]
[BlackElo "1991"]
[Annotator "TA"]
[PlyCount "150"]
[EventDate "2022.09.29"]
[EventType "swiss"]
[SourceTitle "playchess.com"]
[Source "ChessBase"]
[SourceQuality "1"]
[TimeControl "5400+30"]

1. e4 c5 2. Nc3 d6 3. g3 g6 4. Bg2 Bg7 5. d3 Nf6 6. Nge2 O-O 7. O-O Nc6 8. h3 Rb8 9. g4 {[%emt 0:06:04] B25: Closed Sicilian: 3 g3, lines without early Be3.} b5 10. Ng3 b4 11. Nce2 {[%emt 0:00:40] [#] The position is equal.} h6 $146 ({Predecessor:} 11... Nd7 12. f4 Ba6 13. a3 Qb6 14. axb4 c4+ 15. d4 e5 16. Be3 exd4 17. Bf2 Nxb4 18. Nxd4 {0-1 (44) Pancevski,F (2470)-Sjugirov,S (2610) Plovdiv 2012}) 12. f4 Bd7 13. a3 a5 14. axb4 axb4 15. Be3 Ne8 16. Rb1 (16. e5 $5) 16... Nc7 17. Qd2 Nb5 (17... Kh7 $11 {should be considered.}) 18. f5 (18. e5 $14) 18... Kh7 $11 19. Nf4 e6 20. Nfe2 Nbd4 21. Nxd4 (21. Rf2 {is interesting.} g5 22. Nh5 Nxe2+ 23. Qxe2 Be5 24. Qd2) 21... Nxd4 (21... cxd4 {keeps more tension.} 22. Bf2 b3 23. c4 Nb4) 22. fxg6+ fxg6 23. Rxf8 Qxf8 24. Rf1 Qe7 25. b3 (25. g5 $11 {remains equal.}) 25... Rf8 26. Qd1 Rxf1+ (26... Be5 {seems wilder.} 27. Ne2 Rxf1+ 28. Bxf1 Qf6) 27. Nxf1 Qf8 {[%emt 0:04:28] Black is more active.} 28. Nd2 Bc6 29. Nf3 Nb5 30. Qf1 Na3 31. Qf2 e5 32. Ne1 Qxf2+ 33. Kxf2 Bf6 34. Kg3 {[%emt 0:00:44] Against Bh4+} Nb1 35. h4 Nc3 36. Bf3 Kg7 37. Bd2 $1 Nb5 38. Ng2 Nd4 39. Bd1 d5 40. exd5 Bxd5 41. Ne3 Ba8 42. Nc4 e4 43. Nd6 Be5+ 44. Bf4 Bxf4+ 45. Kxf4 exd3 46. cxd3 {[%emt 0:00:26][%mdl 4096] Endgame KBN-KBN} Bd5 47. Nc4 Kf6 {[%emt 0:00:48] ...g5+ is the strong threat.} 48. g5+ hxg5+ 49. hxg5+ Ke7 50. Ke5 Be6 51. Nd2 Nc6+ 52. Ke4 Kd6 53. Nc4+ Bxc4 54. dxc4 {[%emt 0:00:05] KB-KN} Nd4 55. Kf4 $1 Ne6+ 56. Ke3 (56. Kg4 $11) 56... Nd4 (56... Nxg5 $17 {aiming for ...Ne6.} 57. Kf4 Ne6+ 58. Ke4 g5) 57. Ke4 Ne6 (57... Ke6 $11) 58. Ke3 $1 $17 Ke5 (58... Nxg5 $17 {White must now prevent ...Ne6.} 59. Kf4 Ne6+ 60. Ke4 g5) 59. Bc2 $11 Nxg5 {[%emt 0:00:28] Strongly threatening ...Kf6.} 60. Bxg6 Ne6 {[%emt 0:00:03] Threatening ...Nd4.} 61. Bc2 (61. Bb1 $1 $11 {was the only way to keep the balance.}) 61... Nd4 $17 62. Bd1 Nf5+ 63. Kf3 $2 {[%emt 0:01:05][%mdl 8192] [#] White does not recover from this.} (63. Kd2 $17) 63... Kd4 $1 64. Kf4 {[%emt 0:00:37] [#]} Ne3 $1 65. Be2 Nc2 {[%emt 0:00:22] ( -> ...Kc3)} 66. Kf5 Kc3 {[%emt 0:00:41] Black mates.} 67. Ke5 Kxb3 68. Kd5 Kc3 69. Kxc5 b3 70. Bd1 b2 71. Bxc2 Kxc2 72. Kd6 b1=Q 73. c5 Qb8+ 74. Kd7 Qb7+ 75. Kd6 Qc8 {[%emt 0:00:18] Weighted Error Value: White=0.14 (very precise) /Black=0.15 (very precise)} 0-1